 Dungeon Crawl Stone Soup version 0.30.1-4-g462c640d31 (webtiles) character file.

Game seed: 2872535351406974609

2500 H0rd4k the Martial Artist (level 9, -6/58 HPs)
             Began as an Octopode Artificer on Sept 12, 2023.
             Was an Initiate of Gozag.
             Killed from afar by a steam dragon (17 damage)
             ... with a ball of steam
             ... on level 8 of the Dungeon.
             The game lasted 00:09:46 (8377 turns).

H0rd4k the Martial Artist (Octopode Artificer)      Turns: 8377, Time: 00:09:47

Health: -6/58      AC:  5    Str: 12    XL:     9   Next: 53%
Magic:  10/10      EV: 16    Int: 17    God:    Gozag
Gold:   302        SH:  0    Dex: 18    Spells: 6/10 levels left

rFire   . .          .
                       - Unarmed
rCold   + . .        (no shield)
rNeg    . . .        (helmet restricted)
rPois   .            (no amulet)
rElec   .            r - +4 ring of protection
rCorr   .            t - ring of willpower
SInv    .            d - ring of protection from cold
Will    +....        g - +6 ring of dexterity
Stlth   +++          (no ring)
HPRegen 0.29/turn    (no ring)
MPRegen 0.12/turn    (no ring)
                     (no ring)

%: no passive effects
@: about to teleport, studying Polearms
A: almost no armour, amphibious, 8 rings, camouflage 1, gelatinous body 1,
(nimble swimmer 1), tentacles
a: Renounce Religion, Potion Petition, Call Merchant, Bribe Branch


You were on level 8 of the Dungeon.
You worshipped Gozag.
Gozag was aware of your devotion.
You visited 2 branches of the dungeon, and saw 9 of its levels.

You collected 645 gold pieces.
You spent 250 gold pieces at shops.
You paid 93 gold pieces to Gozag.

Inventory:

Missiles
 w - 3 poisoned darts
Jewellery
 d - a ring of protection from cold (on tentacle)
 g - a +6 ring of dexterity (on tentacle)
 r - a +4 ring of protection (left tentacle)
 t - a ring of willpower (right tentacle)
Wands
 x - a wand of roots (11)
Scrolls
 b - 2 scrolls of immolation {unknown}
 i - 2 scrolls of fear {unknown}
 j - 3 scrolls of teleportation
 k - a scroll of amnesia {unknown}
 n - 3 scrolls of vulnerability {unknown}
 o - 2 scrolls of blinking {unknown}
 q - 5 scrolls of identify {unknown}
 s - 2 scrolls of fog {unknown}
 y - a scroll of enchant armour {unknown}
Potions
 a - 5 potions of heal wounds {unknown}
 c - a potion of attraction {unknown}
 e - 2 potions of mutation {unknown}
 f - 3 potions of magic {unknown}
 h - 3 potions of lignification {unknown}
 l - a potion of brilliance
 m - a potion of degeneration {unknown}
 p - 5 potions of curing
 u - 2 potions of flight {unknown}
 v - 2 potions of ambrosia {unknown}


   Skills:
 - Level 4.0 Fighting
 - Level 5.9 Dodging
 - Level 1.3 Stealth
 - Level 8.6 Unarmed Combat
 * Level 1.3 Spellcasting
 * Level 1.3 Summonings
 * Level 1.3 Air Magic
 + Level 6.6 Evocations


You had 6 spell levels left.
You knew the following spells:

 Your Spells              Type           Power      Damage    Failure   Level
a - Summon Lightning Spi  Summ/Air       5%         N/A       77%         4

Your spell library contained the following spells:

 Spells                   Type           Power      Damage    Failure   Level
 Summon Small Mammal      Summ           20%        N/A       12%         1
 Apportation              Tloc           2%         N/A       22%         1
 Necrotise                Necr           4%         1d4       22%         1
 Static Discharge         Conj/Air       6%         2-3/arc   24%         2
 Airstrike                Air            2%         2d(1-17)  77%         4


Dungeon Overview and Level Annotations

Branches:
Dungeon (8/15)             Temple (1/1) D:6
   Lair: D:8-11

Altars:
Ashenzari
Cheibriados
Dithmenos
Fedhas
Gozag
Hepliaklqana
Kikubaaqudgha
Makhleb
Nemelex Xobeh
Okawaru
Qazlal
Ru
Trog
Uskayaw
Vehumet
Wu Jian
Xom
Yredelemnul
The Shining One

Shops:
D:4 **[(!

Portals:
Abyss: D:7

Annotations:
D:6 exclusion: 2 downstairs
D:7 2 transporters, exclusion: downstairs, laros's ghost, novice MiBe
D:8 exclusion: steam dragon


Innate Abilities, Weirdness & Mutations

You cannot wear most types of armour.
You are amphibious.
You can wear up to eight rings at the same time.
Your skin changes colour to match your surroundings (Stealth+).
Your rubbery body absorbs attacks. (AC +1, EV +1)
((You are camouflaged when in or above water. (Stealth+)))
You have tentacles for arms and can constrict up to eight enemies at once.


Message History

The human hits you with a +0 long sword!
The centaur hits you. The centaur misses you.
You bludgeon the centaur!
The centaur is severely wounded.
The centaur misses you.
The centaur kicks you but does no damage.
The human hits you with a +0 long sword!
You tentacle-slap the centaur but do no damage.
You squeeze the centaur.
The centaur is almost dead.
The centaur barely misses you. The centaur completely misses you.
The human hits you with a +0 long sword.
* * * LOW HITPOINT WARNING * * *
Unknown command.
You tentacle-slap the centaur but do no damage.
The centaur is almost dead.
The centaur hits you but does no damage.
The centaur kicks you.
* * * LOW HITPOINT WARNING * * *
You tentacle-slap the centaur.
You kill the centaur!
Okay, then.
As you read the scroll of teleportation, it crumbles to dust.
You feel strangely unstable.
The human hits you with a +0 long sword.
* * * LOW HITPOINT WARNING * * *
The human attacks as you move away! The human closely misses you.
The human attacks as you move away!
The human hits you with a +0 long sword.
* * * LOW HITPOINT WARNING * * *
Your surroundings suddenly seem different.
A steam dragon and a fire elemental come into view.
Unknown command.
As you read the scroll of teleportation, it crumbles to dust.
You feel strangely unstable.
The steam dragon hisses angrily.
The steam dragon breathes steam at you. The ball of steam hits you!
You die...
Your body crumbles into a pile of gold.

$ ## #.#
### ..#
#..§..##
#...####
#.##..#+$
##....##
#D....##
#@E☼○##
+#..##≈#
###≈≈§#
#≈≈☼§§
#≈≈ # #≈#
### ## .


You could see a fire elemental and a steam dragon (catching breath).

Vanquished Creatures
  Grinder (D:5)
  A wyvern (D:8)
  Menkaure (D:5)
  2 ice beasts (D:5)
  2 black bears
  An ogre (D:4)
  2 centaurs
  2 phantoms
  A bullfrog (D:7)
  A scorpion (D:4)
  4 wights
  3 killer bees (D:8)
  A howler monkey (D:6)
  4 hounds
  3 orc priests
  A jelly (D:5)
  An iguana (D:4)
  A gnoll bouda (D:8)
  3 orc wizards
  9 gnolls
  6 adders
  A white imp (D:6)
  An ufetubus (D:5)
  A dart slug (D:1)
  26 orcs
  3 endoplasms
  4 giant cockroaches (D:1)
  12 goblins
  4 jackals (D:1)
  3 quokkas
  9 ball pythons
  5 frilled lizards
  7 kobolds
  3 rats
129 creatures vanquished.

Vanquished Creatures (collateral kills)
  2 wights (D:5)
  Jessica (D:3)
  A gnoll (D:3)
  An adder (D:4)
  2 orcs
7 creatures vanquished.

Vanquished Creatures (others)
  A wight (D:5)
  An orc priest (D:5)
  An orc wizard (D:7)
  A gnoll (D:3)
4 creatures vanquished.

Grand Total: 140 creatures vanquished

Notes
Turn   | Place    | Note
-------+----------+-------------------------------------------
     0 | D:1      | H0rd4k the Octopode Artificer began the quest for the Orb.
     0 | D:1      | Reached XP level 1. HP: 13/13 MP: 1/1
   197 | D:1      | Reached XP level 2. HP: 12/18 MP: 2/2
   548 | D:1      | Reached XP level 3. HP: 23/23 MP: 3/3
  1501 | D:3      | Reached skill level 1 in Unarmed Combat
  1741 | D:3      | Noticed Jessica
  1761 | D:3      | Killed Jessica
  1762 | D:3      | Reached XP level 4. HP: 8/28 MP: 4/4
  1900 | D:3      | Reached skill level 2 in Unarmed Combat
  1907 | D:3      | Reached XP level 5. HP: 21/33 MP: 5/5
  2382 | D:3      | Found a snail-covered altar of Cheibriados.
  2659 | D:4      | Noticed an ogre
  2715 | D:4      | Killed an ogre
  2716 | D:4      | Reached skill level 3 in Unarmed Combat
  2716 | D:4      | Reached XP level 6. HP: 39/39 MP: 6/6
  2813 | D:4      | Found Hedolem's Assorted Antiques.
  2878 | D:4      | Reached skill level 4 in Unarmed Combat
  3025 | D:4      | Found a sacrificial altar of Ru.
  3100 | D:4      | Found Ubbeacon's Weapon Shop.
  3195 | D:4      | Found Enacoe's Lightly-Used Armoury.
  3456 | D:4      | Reached XP level 7. HP: 38/45 MP: 7/7
  3508 | D:4      | Found Qeduc's Antique Armour Emporium.
  3672 | D:4      | Found Suinty Ewiw's Distillery.
  3855 | D:5      | Entered Level 5 of the Dungeon
  3915 | D:5      | Reached skill level 5 in Unarmed Combat
  3935 | D:5      | Reached skill level 5 in Evocations
  4232 | D:5      | Reached skill level 6 in Unarmed Combat
  4232 | D:5      | Reached XP level 8. HP: 19/51 MP: 8/8
  4639 | D:6      | Found a staircase to the Ecumenical Temple.
  4659 | Temple   | Entered the Ecumenical Temple
  4730 | Temple   | Became a worshipper of Gozag Ym Sagoz the Greedy
  5210 | D:6      | Identified a scroll of acquirement
  5210 | D:6      | Acquired a manual of Polearms
  5323 | D:5      | Noticed Grinder
  5334 | D:5      | Killed Grinder
  5335 | D:5      | Reached skill level 5 in Dodging
  5335 | D:5      | Reached skill level 7 in Unarmed Combat
  5517 | D:5      | Noticed Menkaure
  5525 | D:5      | Killed Menkaure
  5745 | D:5      | Reached XP level 9. HP: 41/57 MP: 9/9
  6145 | D:7      | Found a transporter.
  6182 | D:7      | Reached skill level 8 in Unarmed Combat
  6318 | D:7      | Found a transporter.
  6365 | D:7      | Noticed laros's ghost (novice MiBe)
  6372 | D:7      | Noticed a toenail golem
  6415 | D:7      | Found a one-way gate to the infinite horrors of the Abyss.
  6502 | D:7      | Noticed a cyclops
  7435 | D:8      | Noticed a two-headed ogre
  7435 | D:8      | Noticed a hornet
  7772 | D:4      | Bought an onyx ring for 125 gold pieces
  7772 | D:4      | Bought a bronze ring for 125 gold pieces
  7779 | D:4      | Learned a level 4 spell: Summon Lightning Spire
  8268 | D:8      | Reached skill level 1 in Spellcasting
  8268 | D:8      | Reached skill level 1 in Summonings
  8268 | D:8      | Reached skill level 1 in Air Magic
  8353 | D:8      | Found an iron altar of Okawaru.
  8377 | D:8      | Killed from afar by a steam dragon

Illustrated notes

Levels and vault maps discovered:
D:1:      lightli_arrival_flooded_house, layout_basic, minmay_stone_trees_large
D:2:      layout_rooms
D:3:      layout_basic, cheibriados_altar_1, kennysheep_jessica_study
D:4:      layout_loops_ring, nicolae_ru_sacrificial_ziggurat, serial_shops,
          nicolae_inconvenience_store, nicolae_shop_just_a_little_nook,
          nicolae_lakefront_shop, nicolae_square_shop,
          chequers_serial_rivers_micro_b, minmay_shop_damaged
D:5:      layout_loops_ring, uniq_grinder, uniq_menkaure
D:6:      layout_rooms, minmay_temple_entry_arrows,
          hangedman_abyss_or_decor_stabs
D:7:      layout_rooms, gammafunk_ghost_abyssal_escape,
          chequers_serial_rivers_micro_e
D:8:      layout_basic, okawaru_humans, chequers_serial_rivers_micro_a,
          dilly_guarded_unrand_elemental_staff
Temple:   kb_temple_of_zot

Skill      XL: |  1  2  3  4  5  6  7  8  9 |
---------------+----------------------------+-----
Evocations     | 4 5 6 |  6.6
Unarmed Combat | 1 2 3 4 6 7 8 |  8.6
Dodging        | 3 4 5 |  5.9
Fighting       | 2 3 4 |  4.0
Spellcasting   | 1 |  1.3
Summonings     | 1 |  1.3
Air Magic      | 1 |  1.3
Stealth        | |  1.3

Action                     |  1- 3 |  4- 6 |  7- 9 || total
---------------------------+-------+-------+-------++-------
  Melee: Unarmed           |   101 |    88 |   209 ||   398
         Constrict         |    29 |    19 |    38 ||    86
         Tentacles         |    18 |    13 |    45 ||    76
         Punch             |     4 |     4 |    14 ||    22
  Evoke: Wand              |     2 |     8 |    28 ||    38
    Use: Scroll            |       |       |     5 ||     5
         Potion            |       |       |     3 ||     3
   Stab: Sleeping          |     4 |     5 |     9 ||    18
         Invisible         |       |       |     2 ||     2
 Armour: Skin              |     2 |     5 |    28 ||    35
  Dodge: Dodged            |    59 |    59 |   142 ||   260
